 Dungeon Crawl Stone Soup version 0.28-a0-476-g0f06bd746f (webtiles) character file.

Game seed: 14450320072844048884

152 Squid the Chopper (level 5, 0/45 (47) HPs)
             Began as a Hill Orc Berserker on Sept 16, 2021.
             Was a Believer of Trog.
             Succumbed to an adder's poison
             ... on level 4 of the Dungeon.
             The game lasted 00:06:26 (3771 turns).

Squid the Chopper (Hill Orc Berserker)              Turns: 3771, Time: 00:06:27

HP:   0/45 (47)     AC:  4    Str: 21    XL:     5   Next: 34%
MP:   5/5           EV: 11    Int:  7    God:    Trog [**....]
Gold: 119           SH:  0    Dex: 10    Spells: 4/4 levels left

rFire   . . .      SeeInvis .   a - +0 hand axe
rCold   . . .      Faith    .   (no shield)
rNeg    . . .      Spirit   .   h - +0 leather armour
rPois   .          Reflect  .   (no helmet)
rElec   .          Harm     .   (no cloak)
rCorr   .          Rampage  .   (no gloves)
Will    .....                   j - +0 pair of boots
Stlth   +.........              (no amulet)
HPRegen 0.15/turn               (no ring)
MPRegen 0.09/turn               (no ring)

@: lethally poisoned (0 -> -4), on berserk cooldown, slowed, lightly drained,
very slow
A: no striking features
a: Renounce Religion, Berserk, Trog's Hand


You were on level 4 of the Dungeon.
You worshipped Trog.
Trog was pleased with you.
You visited 1 branch of the dungeon, and saw 4 of its levels.

You collected 119 gold pieces.

Inventory:

Hand Weapons
 a - a +0 hand axe (weapon)
Missiles
 d - 21 poisoned darts (quivered)
Armour
 b - a +1 animal skin
 h - a +0 leather armour (worn)
 j - a +0 pair of boots (worn)
Scrolls
 f - 3 scrolls of teleportation
 g - a scroll of identify
Potions
 c - 3 potions of curing
 e - a potion of might {unknown}
 i - a potion of ambrosia {unknown}


   Skills:
 + Level 4.7 Fighting
 + Level 6.8 Axes
 - Level 2.3 Armour
 - Level 1.6 Dodging


You had 4 spell levels left.
You didn't know any spells.
Your spell library was empty.

Dungeon Overview and Level Annotations

Branches:
Dungeon (4/15)
 Temple: D:4-7

Altars:


Message History

The gnoll hits you with a +0 club.
You barely miss the gnoll.
The gnoll is heavily wounded.
You hit the hobgoblin.
You kill the hobgoblin!
Trog accepts your kill.
The gnoll hits you from afar with a +0 spear.
The gnoll misses you.
You slice the gnoll!!
You kill the gnoll!
Trog accepts your kill.
You closely miss the necrophage. The necrophage closely misses you.
Found 13 gold pieces.
You are no longer berserk.
You are exhausted.
You feel yourself slow down. The gnoll hits you with a +0 spear.
Things that are here:
a +0 club; a +0 spear; a gnoll corpse You hit the necrophage but do no damage.
You hit the gnoll. The necrophage barely misses you.
The gnoll hits you with a +0 spear. The necrophage hits you.
You feel drained.
You hit the necrophage.
The necrophage is lightly damaged.
You closely miss the adder. You hit the gnoll but do no damage.
The adder bites you but does no damage. The gnoll misses you.
The necrophage closely misses you. The adder bites you.
You are poisoned.
The adder poisons you! The gnoll hits you with a +0 spear.
You feel sick. The necrophage misses you.
The gnoll hits you from afar with a +0 spear!
* * * LOW HITPOINT WARNING * * *
The adder bites you.
* * * LOW HITPOINT WARNING * * *
The necrophage hits you.
* * * LOW HITPOINT WARNING * * *
You feel drained.
* * * LOW HITPOINT WARNING * * *
Okay, then.
You closely miss the adder. You closely miss the necrophage.
You die...

.$.....
##.......
$...$....
#...(....
#........
#........
#g.......
#Sn...... .
#@#......
....#####.#
#####
#.......#
#######....#
#.##.# ..# #
###


You could see a necrophage, a gnoll and an adder.

Vanquished Creatures
  A water moccasin skeleton (D:3)
  3 gnolls (D:4)
  A dart slug (D:2)
  An orc (D:2)
  3 ball pythons
  4 bats
  3 endoplasms
  5 giant cockroaches
  7 goblins
  8 hobgoblins
  7 jackals
  9 kobolds
  A quokka (D:3)
  5 frilled lizards
  9 rats
67 creatures vanquished.

Vanquished Creatures (others)
  3 fungi (D:1)
3 creatures vanquished.

Grand Total: 70 creatures vanquished

Notes
Turn   | Place    | Note
-------+----------+-------------------------------------------
     0 | D:1      | Squid the Hill Orc Berserker began the quest for the Orb.
     0 | D:1      | Reached XP level 1. HP: 19/19 MP: 1/1
    34 | D:1      | Found a faded altar of an unknown god.
   227 | D:1      | Reached XP level 2. HP: 27/27 MP: 2/2
   381 | D:1      | Reached XP level 3. HP: 19/33 MP: 3/3
   718 | D:1      | Reached skill level 5 in Axes
   719 | D:1      | Reached ** piety under Trog
  2285 | D:2      | Reached XP level 4. HP: 38/40 MP: 4/4
  2966 | D:3      | Reached skill level 6 in Axes
  2966 | D:3      | Reached XP level 5. HP: 32/47 MP: 5/5
  3758 | D:4      | Noticed a necrophage
  3770 | D:4      | HP: 2/45 [necrophage (2)]
  3771 | D:4      | Succumbed to an adder's poison

Illustrated notes

Levels and vault maps discovered:
D:1:      sevenhm_arrival_forest_fort_small_3, layout_rooms,
          shapermc_ecumenical_altar_rom_forum, amcnicky_mini_pool_small
D:2:      layout_basic
D:3:      layout_basic, chequers_serial_rivers_micro_d
D:4:      layout_rooms, ebering_ghost_gozag, minmay_cut_off

Skill      XL: |  1  2  3  4 |
---------------+-------------+-----
Fighting       | 4 |  4.7
Axes           | 5 6 |  6.8
Armour         | |  2.3
Dodging        | |  1.6

Action                   |  1- 3 |  4- 6 || total
-------------------------+-------+-------++-------
Melee: Hand axe          |    97 |    44 ||   141
Throw: Dart              |    29 |    44 ||    73
Invok: Berserk           |     3 |     1 ||     4
  Use: Scroll            |     3 |     5 ||     8
Armor: Animal skin       |    23 |     3 ||    26
       Leather armour    |       |     7 ||     7
Dodge: Dodged            |    90 |    36 ||   126

Table legend: (Time is in decaauts)
 A = Elapsed time spent in this place.
 B = Non-inter-level travel time spent in this place.
 C = Inter-level travel time spent in this place.
 D = Time resting spent in this place.
 E = Time spent auto-exploring this place.
 F = Levels seen in this place.
 G = Mean time per level.
                   A        B        C        D        E       F      G
               +--------+--------+--------+--------+--------+-----+--------+
         Total |   3806 |   3666 |    140 |   1085 |   2012 |   4 |  951.5 |
       Dungeon |   3806 |   3666 |    140 |   1085 |   2012 |   4 |  951.5 |
               +--------+--------+--------+--------+--------+-----+--------+

Top non-repeatable levels by time:
     D:1: 1469 daAuts
     D:2: 1389 daAuts
     D:3: 932 daAuts
     D:4: 15 daAuts
